 Dungeon Crawl Stone Soup version 0.32-a0-422-g28b100f (webtiles) character file.

Game seed: 12145867406674125897

996 Nithhogg the Covered (level 7, 0/61 HPs)
             Began as a Mountain Dwarf Fighter on Feb 21, 2024.
             Slain by a sleepcap (3 damage)
             ... on level 6 of the Dungeon.
             The game lasted 00:07:31 (4421 turns).

Nithhogg the Covered (Mountain Dwarf Fighter)       Turns: 4421, Time: 00:07:31

Health: 0/61       AC: 15    Str: 21    XL:     7   Next: 99%
Magic:  7/7        EV: 10    Int:  8    God:
Gold:   246        SH:  5    Dex:  9    Spells: 6/6 levels left

rFire   . . .        v - +2 flail (protect)
rCold   . . .        c - +0 buckler
rNeg    . . .        b - +0 scale mail
rPois   +            (no helmet)
rElec   .            (no cloak)
rCorr   +            (no gloves)
SInv    .            (no boots)
Will    .....        (no amulet) Stlth
                     l - ring of poison resistance
HPRegen 0.30/turn    g - ring of resist corrosion
MPRegen 0.10/turn

%: no passive effects
@: under a protective aura
A: runic magic, artefact enchanting, shaggy fur 1
a: Convert to Beogh


You were on level 6 of the Dungeon.
You visited 1 branch of the dungeon, and saw 6 of its levels.

You collected 246 gold pieces.

Inventory:

Hand Weapons
 a - a +0 war axe
 r - the +5 dagger of Icyogol {protect, rElec rCorr Int-4 SInv}
   (You found it on level 4 of the Dungeon)

   Int-4:     It affects your intelligence (-4).
   rElec:     It insulates you from electricity.
   SInv:      It lets you see invisible.
   rCorr:     It protects you from acid and corrosion.
 u - a +0 mace of protection
 v - a +2 flail of protection (weapon)
Missiles
 j - 6 poisoned darts (quivered)
 k - 6 boomerangs
Armour
 b - a +0 scale mail (worn)
 c - a +0 buckler (worn)
Jewellery
 g - a ring of resist corrosion (right hand)
 l - a ring of poison resistance (left hand)
Wands
 p - a wand of roots (17)
 w - a wand of paralysis (9)
Scrolls
 e - a scroll of identify
 f - a scroll of enchant armour
 h - a scroll of fog
 o - a scroll of enchant weapon
 q - a scroll of torment
Potions
 d - a potion of might


   Skills:
 + Level 5.5 Fighting
 + Level 5.4 Axes
 + Level 5.6 Armour
 + Level 2.8 Dodging
 + Level 5.5 Shields


You had 6 spell levels left.
You didn't know any spells.
Your spell library contained the following spells:

 Spells                   Type           Power      Damage    Failure   Level
 Foxfire                  Conj/Fire      0%         2x1d4     54%         1
 Freeze                   Ice            0%         1d3       54%         1
 Frozen Ramparts          Ice            0%         1d1       89%         3
 Hailstorm                Conj/Ice       0%         3d5       89%         3
 Fulminant Prism          Conj/Alch      0%         3d5       100%        4
 Ignite Poison            Fire/Alch      0%         N/A       100%        4
 Irradiate                Conj/Alch      0%         3d11      100%        5


Dungeon Overview and Level Annotations

Branches:
Dungeon (6/15)             Temple (0/1) D:6

Altars:
Elyvilon
Gozag
Sif Muna
Xom

Shops:
D:3 =

Annotations:
D:5 1 transporter


Innate Abilities, Weirdness & Mutations

Your spellcasting is much less encumbered by armour.
You can use scrolls of enchantment on lesser artefacts.
You are covered in fur. (AC +1)


Message History

The orc priest hits you but does no damage.
The sleepcap barely misses you.
Unknown command.
You hit the white imp but do no damage. The orc priest closely misses you.
The white imp hits you. The white imp freezes you.
You block the sleepcap's attack.
Unknown command.
You closely miss the white imp. The orc priest barely misses you.
The white imp closely misses you.
The sleepcap releases spores at you but does no damage.
Unknown command.
You closely miss the white imp.
The orc priest hits you but does no damage.
The white imp gestures at you. The puff of frost hits you.
The sleepcap releases spores at you.
You are engulfed in a cloud of soporific spores!
You fall asleep.
A scorpion comes into view.
The orc priest hits you from afar with a +0 trident!
You wake up.
* * * LOW HITPOINT WARNING * * *
You block the white imp's attack. The sleepcap closely misses you.
You closely miss the white imp.
The orc priest hits you but does no damage.
The white imp gestures at you. The puff of frost hits you.
* * * LOW HITPOINT WARNING * * *
The sleepcap releases spores at you but does no damage.
The orc priest closely misses you.
The sleepcap releases spores at you but does no damage.
The white imp hits you.
* * * LOW HITPOINT WARNING * * *
The white imp freezes you.
* * * LOW HITPOINT WARNING * * *
You hit the sleepcap.
Your weapon exudes an aura of protection.
The sleepcap is heavily damaged.
The orc priest hits you but does no damage.
You block the white imp's attack. The sleepcap releases spores at you.
You die...

. #.# #...
#....####
#..$.of)#####
#....s5@....#
#....######.#
♣♣♣♣♣ #......#
♣♣PPP♣ ♣#####..#
♣P...P♣♣....#..#
♣P._.P♣♣###.#..#
♣P...P♣♣..#.#..#
♣P...P♣#>#.#..#
♣P......#.#..#


You could see a sleepcap, a scorpion, an orc priest and a white imp.

Vanquished Creatures
  The ghost of bignoob the Arsonist, an amateur MDHW of Vehumet (D:5)
  2 ogres
  A phantom (D:5)
  2 scorpions
  2 killer bees (D:5)
  2 bombardier beetles
  A hound (D:5)
  A sleepcap (D:5)
  2 iguanas
  4 gnolls (D:5)
  2 ribbon worms
  3 dart slugs
  4 orcs (D:6)
  5 ball pythons
  A bat (D:1)
  10 endoplasms
  3 giant cockroaches
  6 goblins
  7 hobgoblins
  4 jackals (D:2)
  6 quokkas
  5 frilled lizards
  11 kobolds
  7 rats
92 creatures vanquished.

Notes
Turn   | Place    | Note
-------+----------+-------------------------------------------
     0 | D:1      | Nithhogg the Mountain Dwarf Fighter began the quest for the
                  | Orb.
     0 | D:1      | Reached XP level 1. HP: 19/19 MP: 1/1
    67 | D:1      | Reached XP level 2. HP: 26/26 MP: 2/2
   204 | D:1      | Reached XP level 3. HP: 31/31 MP: 3/3
  1023 | D:2      | Reached skill level 1 in Dodging
  1055 | D:2      | Reached XP level 4. HP: 40/40 MP: 4/4
  1338 | D:2      | Found an opulent altar of Gozag.
  2081 | D:3      | Found Ontupext's Jewellery Shoppe.
  2114 | D:3      | Got Qoimol's Compendium of the Red-Hot Great Work
  2291 | D:3      | Found a shimmering blue altar of Sif Muna.
  2294 | D:3      | Found a shimmering altar of Xom.
  2294 | D:3      | Found a white marble altar of Elyvilon.
  2492 | D:4      | Identified the +5 dagger of Icyogol {protect, rElec rCorr
                  | Int-4 SInv}
  2535 | D:4      | Reached XP level 5. HP: 46/46 MP: 5/5
  2876 | D:4      | Noticed an ogre
  2894 | D:4      | Killed an ogre
  2895 | D:4      | Reached XP level 6. HP: 18/53 MP: 6/6
  3288 | D:5      | Entered Level 5 of the Dungeon
  3552 | D:5      | Reached XP level 7. HP: 60/60 MP: 7/7
  3560 | D:5      | Reached skill level 5 in Armour
  3576 | D:5      | Reached skill level 5 in Fighting
  3576 | D:5      | Reached skill level 5 in Shields
  3882 | D:5      | Noticed bignoob's ghost (amateur MDHW)
  3897 | D:5      | Found a transporter.
  3902 | D:5      | Found a transporter.
  4043 | D:5      | Reached skill level 5 in Axes
  4049 | D:5      | Killed bignoob's ghost
  4060 | D:5      | HP: 3/61 [poisoned by a killer bee]
  4061 | D:5      | Gained mutation: You are covered in fur. (AC +1) [potion of
                  | mutation]
  4350 | D:6      | Found a faded altar of an unknown god.
  4352 | D:6      | Found a staircase to the Ecumenical Temple.
  4420 | D:6      | HP: 2/61 [white imp (4)]
  4421 | D:6      | Slain by a sleepcap

Illustrated notes

Levels and vault maps discovered:
D:1:      saegor_arrival_miasma, layout_loops_ring
D:2:      layout_loops_corners, basic_altar
D:3:      layout_loops_cross, gammafunk_temple_overflow_forgotten, serial_shops,
          shop, lightli_corner_chamber
D:4:      layout_basic
D:5:      layout_loops_ring, gammafunk_ghost_hive
D:6:      layout_basic, nicolae_temple_entry_ecumenical,
          mainiacjoe_ossuary_entry_dusty_tomb,
          eino_small_chamber_without_monster

Skill      XL: |  1  2  3  4  5  6  7 |
---------------+----------------------+-----
Axes           | 3 4 5 |  5.4
Dodging        | 1 2 |  2.8
Armour         | 4 5 |  5.6
Shields        | 4 5 |  5.5
Fighting       | 4 5 |  5.5

Action                     |  1- 3 |  4- 6 |  7- 9 || total
---------------------------+-------+-------+-------++-------
  Melee: War axe           |    93 |   124 |       ||   217
         Flail             |       |    47 |    91 ||   138
    Use: Scroll            |       |       |     8 ||     8
         Potion            |       |       |     4 ||     4
 Armour: Scale mail        |    91 |   104 |   138 ||   333
  Dodge: Dodged            |    40 |    73 |    80 ||   193
  Block: Buckler           |    28 |    43 |    47 ||   118

Table legend: (Time is in decaauts)
 A = Elapsed time spent in this place.
 B = Non-inter-level travel time spent in this place.
 C = Inter-level travel time spent in this place.
 D = Time resting spent in this place.
 E = Time spent auto-exploring this place.
 F = Levels seen in this place.
 G = Mean time per level.
                   A        B        C        D        E       F      G
               +--------+--------+--------+--------+--------+-----+--------+
         Total |   4538 |   4379 |    159 |    236 |   3295 |   6 |  756.3 |
       Dungeon |   4538 |   4379 |    159 |    236 |   3295 |   6 |  756.3 |
               +--------+--------+--------+--------+--------+-----+--------+

Top non-repeatable levels by time:
     D:5: 1046 daAuts
     D:2: 1008 daAuts
     D:4: 854 daAuts
     D:1: 836 daAuts
     D:3: 669 daAuts
     D:6: 122 daAuts
